 Dungeon Crawl Stone Soup version 0.26-a0-810-ge1a9524b62 (webtiles) character file.

Game seed: 4975714531252768266

629 kenny the Sneak (level 7, -1/28 HPs)
             Began as a Felid Conjurer on Nov 12, 2020.
             Was a Priest of Zin.
             Slain by Prince Ribbit (17 damage)
             ... on level 6 of the Dungeon on Nov 17, 2020.
             The game lasted 00:32:22 (8438 turns).

kenny the Sneak (Felid Conjurer)                    Turns: 8438, Time: 00:32:22

Health: -1/28      AC:  2    Str:  3    XL:     7   Next: 23%
Magic:  11/15      EV: 21    Int: 20    God:    Zin [***...]
Gold:   173        SH:  0    Dex: 22    Spells: 9/16 levels left
                                        Lives:  0   Deaths: 2

rFire    . . .     SeeInvis +     - Unarmed
rCold    . . .     Faith    .   (shield unavailable)
rNeg     . . .     Spirit   .   (armour unavailable)
rPois    .         Reflect  .   (helmet unavailable)
rElec    .         Harm     .   (cloak unavailable)
rCorr    .         Rampage  .   (gloves unavailable)
MR       +....                  (boots unavailable)
Stlth    ++++......             (no amulet)
HPRegen  0.09/turn              d - +6 ring of dexterity
MPRegen  0.14/turn              m - ring of flight

@: quick
A: very small, no armour, no weapons or thrown items, stealth, claws 1, fangs 3,
see invisible, speed 1, shaggy fur 2, sharp paws
a: Recite, Vitalisation, Imprison, Donate Gold, Renounce Religion, Evoke Flight


You were on level 6 of the Dungeon.
You worshipped Zin.
Zin was most pleased with you.
You visited 2 branches of the dungeon, and saw 7 of its levels.

You collected 273 gold pieces.
You donated 100 gold pieces to Zin.

Inventory:

Jewellery
 d - a +6 ring of dexterity (left paw)
 m - a ring of flight (right paw)
Wands
 g - a wand of iceblast (7)
Scrolls
 a - 5 scrolls of remove curse
 b - 3 scrolls of teleportation
 c - 2 scrolls of identify {unknown}
 h - 2 scrolls of immolation {unknown}
 j - 2 scrolls of magic mapping {unknown}
 l - 3 scrolls of enchant armour {unknown}
 n - a scroll of fear {unknown}
Potions
 f - 5 potions of attraction


   Skills:
 + Level 1.0 Fighting
 + Level 5.0 Dodging
 + Level 6.5 Stealth
 + Level 2.6 Unarmed Combat
 + Level 5.2 Spellcasting
 + Level 6.3 Conjurations


You had 9 spell levels left.
You knew the following spells:

 Your Spells              Type           Power        Failure   Level
a - Magic Dart            Conj           ####         1%          1
b - Searing Ray           Conj           ####..       1%          2
c - Dazzling Flash        Conj/Hex       ###...       10%         3
d - Sting                 Tmut/Pois      #...         12%         1

Your spell library contained the following spells:

 Spells                   Type           Power        Failure   Level
 Shock                    Conj/Air       ###.         3%          1
 Static Discharge         Conj/Air       ###.....     10%         3
 Beastly Appendage        Tmut           #.....       12%         1
 Swiftness                Air            #.......     17%         2
 Fulminant Prism          Conj/Hex       ###.......   30%         4
 Iskenderun's Mystic Bla  Conj/Tloc      ###.....     30%         4
 Confusing Touch          Hex            #.......     34%         3
 Gell's Gravitas          Tloc           #.........   34%         3
 Lightning Bolt           Conj/Air       ###.......   65%         5
 Airstrike                Air            #.........   75%         4
 Passage of Golubria      Tloc           N/A          75%         4
 Petrify                  Tmut/Erth      #.......     75%         4
 Blade Hands              Tmut           #.........   97%         5
 Metabolic Englaciation   Hex/Ice        #.........   97%         5
 Yara's Violent Unravell  Hex/Tmut       #.........   97%         5
 Eringya's Noxious Bog    Tmut/Pois      #.........   100%        6


Dungeon Overview and Level Annotations

Branches:
Dungeon (6/15)             Temple (1/1) D:4

Altars:
Ashenzari
Dithmenos
Elyvilon
Fedhas
Gozag
Hepliaklqana
Kikubaaqudgha
Nemelex Xobeh
Okawaru
Qazlal
Ru
Sif Muna
Trog
Uskayaw
Wu Jian
Xom
Yredelemnul
Zin
The Shining One

Shops:
D:5 }

Annotations:
D:6 Blork the orc, Edmund, Prince Ribbit


Innate Abilities, Weirdness & Mutations

You cannot wear armour.
You are incapable of wielding weapons or throwing items.
Your paws allow you to move quietly. (Stealth)
You have sharp claws.
You have razor-sharp teeth.
You have supernaturally acute eyesight. (SInv)
You cover ground quickly.
You are covered in thick fur. (AC +2)
Your sharp claws are effective at attacking unaware monsters.


Message History

Casting: Searing Ray (safe; 1% risk of failure)
Confirm with . or Enter, or press ? or * to list all spells.
Aiming: Searing Ray (safe; 1% risk of failure)
Press: ? - help, Shift-Dir - straight line, f - Prince Ribbit
Aim: Prince Ribbit The searing ray hits Prince Ribbit!
Prince Ribbit is moderately wounded. (Press . to maintain the ray.) Prince Ribbit completely misses you.
Casting: Searing Ray (safe; 1% risk of failure)
Confirm with . or Enter, or press ? or * to list all spells.
Aiming: Searing Ray (safe; 1% risk of failure)
Press: ? - help, Shift-Dir - straight line, f/p - Prince Ribbit
Aim: Prince Ribbit (moderately wounded)
The searing ray hits Prince Ribbit!
Prince Ribbit is heavily wounded. (Press . to maintain the ray.) Prince Ribbit hits you!
Ouch! That really hurt!
You die...

#.....#
#.....#..#####8#
#........# #.###....#
#88 ####.....###.#
#....# ##. #.....##..#
#....# . #.....##.##
#....# ( #.....##.#
#..F†# ########.#
#....#
########.####$...######
......[@..............#
.......F.......########
########.#######
#......# #...†.##
#..F..# .(.......#
##########


You could see Prince Ribbit.

Vanquished Creatures
  A water moccasin (D:6)
  A sky beast (D:5)
  A black bear (D:4)
  A phantom (D:5)
  3 ogres (D:5)
  A bullfrog (D:6)
  A scorpion (D:5)
  3 wights (D:6)
  A centaur skeleton (D:3)
  An orc priest (D:3)
  An orc wizard (D:3)
  Natasha (D:2)
  5 worker ants
  6 adders
  An ufetubus (D:6)
  2 oozes
  6 worms
  2 dart slugs (D:1)
  3 leopard geckos
  14 orcs
  6 bats
  5 giant cockroaches
  6 hobgoblins
  2 jackals (D:6)
  6 kobolds
  3 quokkas
  2 ball pythons
  5 frilled lizards
  9 goblins
  2 quokka skeletons (D:5)
  5 rats
106 creatures vanquished.

Notes
Turn   | Place    | Note
-------+----------+-------------------------------------------
     0 | D:1      | kenny the Felid Conjurer began the quest for the Orb.
     0 | D:1      | Reached XP level 1. HP: 7/7 MP: 4/4
   866 | D:2      | Noticed Natasha
   889 | D:2      | Noticed a crimson imp
   890 | D:2      | Noticed a crimson imp
   891 | D:1      | Reached XP level 2. HP: 2/11 MP: 4/6
  1479 | D:1      | Learned a level 2 spell: Searing Ray
  1632 | D:1      | Reached XP level 3. HP: 14/14 MP: 4/7
  2412 | D:2      | Killed Natasha
  2412 | D:2      | Reached XP level 4. HP: 16/18 MP: 4/8
  3083 | D:2      | Found a glowing silver altar of Zin.
  3137 | D:2      | Became a worshipper of Zin the Law-Giver
  3171 | D:2      | Reached skill level 1 in Unarmed Combat
  3439 | D:2      | Found a sparkling altar of Nemelex Xobeh.
  3443 | D:2      | Found a shadowy altar of Dithmenos.
  3448 | D:2      | Found a stormy altar of Qazlal.
  3577 | D:2      | Found a shimmering blue altar of Sif Muna.
  3813 | D:3      | Reached XP level 5. HP: 17/21 MP: 1/9
  3956 | D:3      | Learned a level 3 spell: Dazzling Flash
  4102 | D:3      | Found an iron altar of Okawaru.
  4598 | D:3      | Reached * piety under Zin
  4692 | D:3      | HP: 1/21 [orc/+0 short sword (1)]
  4701 | D:3      | HP: 1/21 [orc/+0 short sword (1)]
  4703 | D:3      | Slain by an orc
  4704 | D:3      | Reached XP level 4. HP: -5/18 MP: 6/8
  5621 | D:3      | Reached skill level 5 in Conjurations
  5621 | D:3      | Reached XP level 5. HP: 21/21 MP: 1/10
  5833 | D:4      | Found a staircase to the Ecumenical Temple.
  6086 | D:4      | Found a white marble altar of Elyvilon.
  6169 | D:4      | Noticed a black bear
  6175 | D:4      | Killed a black bear
  6175 | D:4      | Gained mutation: You are covered in thick fur. (AC +2)
                  | [Felid growth]
  6175 | D:4      | Reached XP level 6. HP: 11/24 MP: 6/12
  6328 | D:4      | Donated 73 gold pieces to Zin
  6647 | D:5      | Entered Level 5 of the Dungeon
  6809 | D:5      | Found Oda Rof's Gadget Shop.
  6910 | D:5      | Reached ** piety under Zin
  7010 | Temple   | Entered the Ecumenical Temple
  7317 | D:5      | Identified Zirhoex's Tome of Orientation and Shape Shifting
  7321 | D:5      | Learned a level 1 spell: Sting
  7466 | D:5      | Reached skill level 5 in Stealth
  7575 | D:5      | Noticed a sky beast
  7585 | D:5      | Killed a sky beast
  7585 | D:5      | Reached XP level 7. HP: 20/28 MP: 2/14
  7740 | D:5      | Lost strength.
  8118 | D:6      | Noticed Edmund
  8176 | D:6      | Reached *** piety under Zin
  8300 | D:6      | Noticed Blork the orc
  8313 | D:6      | Found a hazy altar of Hepliaklqana.
  8323 | D:6      | Noticed Prince Ribbit
  8335 | D:6      | Reached skill level 5 in Spellcasting
  8335 | D:6      | Reached XP level 8. HP: 30/31 MP: 4/16
  8354 | D:6      | Reached skill level 5 in Dodging
  8358 | D:6      | HP: 1/31 [Prince Ribbit (8)]
  8361 | D:6      | Slain by Prince Ribbit
  8362 | D:6      | Reached XP level 7. HP: -3/28 MP: 1/15
  8376 | D:6      | Reached skill level 1 in Fighting
  8438 | D:6      | Slain by Prince Ribbit

Illustrated notes

Levels and vault maps discovered:
D:1:      beargit_arrival_greenhouse, layout_basic, corexii_hall_statues_i
D:2:      layout_basic, lemuel_coloured_pillars_altar, led_sif_pool,
          minmay_overflow_temple_star_quad, dk_noncrumbling_4,
          grunt_ministairs_15, uniq_natasha
D:3:      layout_basic, okawaru_ov_weapons_minmay
D:4:      layout_loops_ring, lemuel_crystal_altar,
          minmay_temple_entry_stoned_glass, nrook_mini_vaults, minmay_ruptured
D:5:      layout_basic, serial_shops, shop
D:6:      layout_rooms, kennysheep_mini_moat,
          nicolae_ossuary_entry_false_entrances, uniq_prince_ribbit1,
          uniq_blork_the_orc, uniq_edmund, uniq_crazy_yiuf_cottage
Temple:   minmay_temple_bridge_abc

Skill      XL: |  1  2  3  4  5  6  7  8 |
---------------+-------------------------+-----
Stealth        | 3 4 5 6 |  6.5
Conjurations   | 4 5 6 |  6.3
Dodging        | 3 4 5 |  5.0
Unarmed Combat | 1 2 |  2.6
Spellcasting   | 3 4 5 |  5.2
Fighting       | 1 |  1.0

Action                   |  1- 3 |  4- 6 |  7- 9 || total
-------------------------+-------+-------+-------++-------
Melee: Unarmed           |    31 |    29 |     8 ||    68
       Bite              |     2 |     2 |       ||     4
 Cast: Magic Dart        |    45 |   111 |     6 ||   162
       Searing Ray       |     2 |    33 |    18 ||    53
Invok: Donate Gold       |       |     1 |       ||     1
  Use: Potion            |       |     3 |     3 ||     6
       Scroll            |       |       |     2 ||     2
 Stab: Sleeping          |     1 |     6 |     3 ||    10
       Distracted        |       |     1 |       ||     1
Armor: Skin              |     1 |     3 |     6 ||    10
Dodge: Dodged            |    32 |    44 |    36 ||   112

Table legend: (Time is in decaauts)
 A = Elapsed time spent in this place.
 B = Non-inter-level travel time spent in this place.
 C = Inter-level travel time spent in this place.
 D = Time resting spent in this place.
 E = Time spent auto-exploring this place.
 F = Levels seen in this place.
 G = Mean time per level.
                   A        B        C        D        E       F      G
               +--------+--------+--------+--------+--------+-----+--------+
         Total |   7631 |   7396 |    235 |   3266 |   3010 |   7 | 1090.1 |
       Dungeon |   7418 |   7215 |    203 |   3266 |   2879 |   6 | 1236.3 |
        Temple |    212 |    180 |     32 |      0 |    131 |   1 |  212.0 |
               +--------+--------+--------+--------+--------+-----+--------+

Top non-repeatable levels by time:
     D:3: 1893 daAuts
     D:1: 1706 daAuts
     D:2: 1647 daAuts
     D:5: 1104 daAuts
     D:4: 818 daAuts
     D:6: 248 daAuts
  Temple: 212 daAuts
